Map: [G8] Gresvan

Players

Oliveira

  • Race: Terran Terran
  • Spawn Location: 11:00

Clem - Winner!

  • Race: Terran Terran
  • Spawn Location: 5:00

Event: Gamers8 2023

VOD

Have the link to the VOD?

Description

Time

  • Played on: Aug. 4, 2023, 12:10 p.m.
  • Length: 10:40

All games in this series

Show
View Real Time Build Order
Export as new Build Order

Oliveira Terran 

Build Orders:  

Get SALT Encoding   

  12  0:00  SCV  
  13  0:12  SCV  
  14  0:17  Supply Depot  
  14  0:24  SCV  
  15  0:38  SCV  
  15  0:40  Barracks  
  16  0:43  Refinery  
  16  0:51  SCV  
  16  0:53  Refinery  
  17  1:03  SCV  
  18  1:15  SCV  
  19  1:27  Orbital Command, Reaper  
  20  1:33  Supply Depot  
  20  1:41  Factory  
  20  1:53  SCV  
  21  1:59  Reaper  
  22  2:05  SCV  
  23  2:15  Command Center  
  23  2:18  SCV  
  24  2:25  Hellion  
  26  2:30  SCV  
  26  2:33  Barracks Reactor  
  27  2:42  SCV  
  27  2:43  Supply Depot  
  28  2:44  Starport  
  28  2:48  Factory Tech Lab  
  28  2:54  SCV  
  29  3:06  SCV  
  29  3:08  Cyclone  
  29  3:11  Marine x2  
  35  3:18  SCV  
  36  3:21  Medivac  
  36  3:27  Orbital Command  
  38  3:29  Marine  
  38  3:30  SCV  
  38  3:32  Marine  
  39  3:42  SCV  
  39  3:47  Siege Tank  
  43  3:49  Marine  
  43  3:50  Marine  
  43  4:01  SCV x2  
  44  4:05  Medivac  
  44  4:07  Marine x2  
  48  4:10  Supply Depot  
  48  4:13  SCV x2  
  48  4:16  Refinery  
  50  4:25  SCV  
  50  4:27  Siege Tank  
  54  4:32  Marine x2  
  54  4:33  SCV, Supply Depot  
  54  4:36  Starport Tech Lab  
  54  4:37  SCV  
  58  4:45  SCV  
  58  4:49  Marine x2, SCV  
  57  4:58  SCV  
  56  5:01  SCV, Banshee  
  56  5:07  Marine x2  
  53  5:25  Marine x2  
  51  5:29  SCV  
  51  5:32  Siege Tank  
  54  5:37  SCV  
  47  5:45  SCV  
  47  5:48  Refinery  
  47  5:49  SCV  
  43  5:57  SCV  
  43  6:01  SCV  
  44  6:09  SCV  
  45  6:13  SCV  
  45  6:15  Viking  
  45  6:16  Viking  
  45  6:17  Marine  
  51  6:21  SCV  
  52  6:26  SCV  
  49  6:34  SCV  
  49  6:35  Marine  
  49  6:37  Siege Tank  
  49  6:38  SCV  
  49  6:39  Supply Depot  
  55  6:40  Stimpack  
  55  6:45  Viking  
  57  6:48  Viking  
  57  6:50  SCV x2  
  57  6:53  Marine  
  62  7:01  Supply Depot  
  62  7:02  SCV  
  62  7:05  SCV  
  64  7:09  Siege Tank  
  64  7:11  Marine  
  64  7:15  Viking  
  70  7:18  SCV  
  70  7:21  SCV  
  72  7:24  Liberator  
  72  7:29  Supply Depot  
  75  7:35  SCV  
  75  7:36  SCV  
  77  7:47  Siege Tank, Viking  
  82  7:56  Marine  
  82  7:58  SCV x2  
  78  8:14  Command Center  
  76  8:20  Viking x2  
  76  8:22  SCV x2  
  76  8:26  Siege Tank  
  85  8:34  Combat Shield, SCV  
  85  8:36  SCV  
  85  8:40  Supply Depot  
  86  8:47  Marine  
  87  8:49  SCV x2  
  89  8:55  Viking  
  89  8:57  Barracks  
  89  8:59  Barracks  
  91  9:08  Siege Tank, Viking  
  78  9:11  Marine, SCV  
  78  9:14  Engineering Bay  
  78  9:15  Engineering Bay  
  78  9:16  SCV  
  81  9:24  SCV  
  79  9:35  Marine  
  79  9:36  Orbital Command  
  79  9:37  SCV  
  81  9:41  Siege Tank  
  81  9:42  Viking x2  
  88  9:47  SCV  
  88  9:49  SCV  
  73  10:00  Barracks Reactor x2  
  73  10:01  Marine  
  73  10:02  SCV x2  
  73  10:03  SCV  
  74  10:13  Barracks  
  71  10:14  SCV x2  
  71  10:15  Barracks  
  71  10:19  Marine  
Show
View Real Time Build Order
Export as new Build Order

Clem Terran - Winner!

Build Orders:  

Get SALT Encoding   

  12  0:00  SCV  
  13  0:12  SCV  
  14  0:16  Supply Depot  
  14  0:24  SCV  
  15  0:38  Barracks, SCV  
  16  0:43  Refinery  
  16  0:50  SCV  
  16  0:52  Refinery  
  17  1:02  SCV  
  18  1:14  SCV  
  20  1:26  Barracks Reactor, Orbital Command  
  20  1:29  Supply Depot  
  19  1:40  Factory  
  19  1:53  SCV  
  20  2:03  Reaper x2  
  20  2:06  SCV  
  23  2:18  SCV  
  24  2:24  Hellion  
  26  2:33  SCV  
  26  2:35  Reaper x2  
  29  2:39  Command Center  
  29  2:45  Supply Depot  
  29  2:49  Hellion  
  31  2:57  Starport  
  31  3:06  SCV  
  31  3:07  Reaper x2  
  31  3:12  Hellion  
  36  3:18  Supply Depot  
  36  3:20  SCV  
  37  3:33  SCV  
  38  3:36  Factory Tech Lab  
  38  3:40  Medivac  
  38  3:41  Marine x2  
  42  3:43  Refinery  
  42  3:45  SCV  
  43  3:55  Siege Tank  
  46  3:59  SCV  
  46  4:00  Orbital Command  
  43  4:05  Marine x2  
  45  4:10  Starport Tech Lab  
  45  4:13  Supply Depot  
  45  4:14  SCV  
  46  4:23  Marine x2  
  48  4:28  Siege Tank  
  51  4:32  SCV x2  
  51  4:35  Raven  
  55  4:43  Supply Depot  
  55  4:44  Marine x2, SCV  
  58  4:50  SCV  
  59  4:54  Supply Depot  
  59  5:00  SCV  
  59  5:03  Siege Tank, Marine  
  59  5:04  Marine  
  65  5:09  SCV  
  65  5:11  Raven  
  65  5:14  SCV  
  63  5:27  SCV  
  62  5:29  SCV  
  62  5:33  Marine x2  
  59  5:45  Refinery, SCV  
  59  5:48  SCV  
  61  5:50  Marine  
  61  5:53  Marine  
  61  5:57  SCV, Supply Depot  
  61  6:01  SCV  
  60  6:08  Siege Tank  
  60  6:09  SCV  
  64  6:13  SCV  
  64  6:16  Marine x2  
  66  6:20  Supply Depot  
  66  6:21  SCV  
  66  6:25  SCV  
  61  6:33  SCV  
  61  6:37  SCV  
  61  6:38  Marine  
  61  6:39  Marine, Raven  
  66  6:42  Supply Depot  
  66  6:45  SCV  
  68  6:49  SCV  
  66  6:55  Siege Tank  
  66  6:58  SCV  
  70  7:01  SCV  
  70  7:03  Command Center  
  71  7:10  SCV  
  71  7:13  SCV  
  73  7:20  Viking x2, Marine  
  73  7:22  SCV  
  79  7:25  SCV  
  80  7:33  Refinery  
  80  7:34  SCV  
  80  7:35  Siege Tank, Barracks  
  84  7:37  SCV  
  84  7:39  Barracks  
  85  7:45  Marine, Supply Depot  
  85  7:46  SCV  
  85  7:49  Viking  
  89  7:53  Viking  
  86  7:58  SCV  
  86  8:00  SCV  
  86  8:03  Marine  
  87  8:10  SCV  
  87  8:12  SCV  
  85  8:19  Viking  
  83  8:20  Marine, Orbital Command  
  83  8:22  SCV  
  83  8:24  Refinery x2  
  83  8:27  Viking  
  87  8:29  Supply Depot  
  87  8:31  Marine  
  87  8:34  SCV  
  89  8:36  Supply Depot  
  89  8:38  SCV  
  90  8:44  Engineering Bay  
  90  8:45  Engineering Bay  
  90  8:49  Stimpack  
  90  8:50  Marine, SCV, Orbital Command  
  90  8:51  SCV  
  90  8:54  Marine  
  86  9:03  SCV  
  86  9:06  Siege Tank  
  86  9:08  SCV  
  86  9:12  Marine x3  
  86  9:15  SCV  
  86  9:16  SCV  
  88  9:21  SCV  
  89  9:26  Refinery  
  89  9:27  SCV  
  89  9:30  Marine, SCV  
  93  9:32  Viking  
  93  9:36  SCV  
  97  9:41  SCV  
  97  9:43  Barracks Reactor x2, Missile Turret  
  96  9:46  SCV  
  96  9:47  Barracks  
  96  9:48  Marine  
  96  9:49  Barracks  
  96  9:50  Refinery  
  96  9:51  Refinery  
  96  9:52  SCV  
  99  9:54  SCV  
  99  9:58  Siege Tank  
  94  10:06  Marine  
  95  10:09  SCV  
  96  10:14  SCV  
  96  10:15  SCV  
  96  10:21  Marine x3, Command Center  
  102  10:23  SCV  
  102  10:27  SCV x2  
Tags
 
Add a new tag
Caveats
  • Supply blocks, unpowered buildings, or Contaminate may cause inaccurate times.
  • Supply counts are checked every 10 seconds.